 Dungeon Crawl Stone Soup version 0.22-a0-246-gdc04c06 (webtiles) character file.

93 KristoblXynda the Ruffian (level 4, -5/38 HPs)
             Began as a Draconian Monk on Feb 23, 2018.
             Slain by an iguana (12 damage)
             ... on level 2 of the Dungeon.
             The game lasted 00:02:24 (1827 turns).

KristoblXynda the Ruffian (Draconian Monk)          Turns: 1827, Time: 00:02:25

Health: -5/38      AC:  5    Str: 12 (14) XL:     4   Next: 36%
Magic:  4/4        EV: 13    Int:  9 (11) God:
Gold:   75         SH:  0    Dex: 12 (13) Spells: 3/3 levels left

rFire    + . .     SeeInvis .     - Unarmed
rCold    + . .     Gourm    .   (no shield)
rNeg     . . .     Faith    .   (armour unavailable)
rPois    +         Spirit   .   (helmet restricted)
rElec    +         Reflect  .   (no cloak)
rCorr    +         Harm     .   (no gloves)
MR       .....                  (no boots)
Stlth    ++........             (no amulet)
HPRegen  0.12/turn              (no ring)
MPRegen  0.09/turn              (no ring)

@: resistant
A: unfitting armour, cold-blooded, AC +5
a: no special abilities


You were on level 2 of the Dungeon.
You were not hungry.

You visited 1 branch of the dungeon, and saw 2 of its levels.

You collected 75 gold pieces.

Inventory:

Scrolls
 b - a scroll of amnesia {unknown}
 e - 4 scrolls of identify {unknown}
 f - a scroll of teleportation {unknown}
 g - a scroll of noise {unknown}
 i - a scroll of enchant weapon {unknown}
 j - a scroll of fog {unknown}
 k - a scroll of magic mapping {unknown}
 n - a scroll of immolation {unknown}
Potions
 c - a potion of heal wounds {unknown}
 d - a potion of agility {unknown}
 m - a potion of berserk rage {unknown}
Comestibles
 a - 4 rations


   Skills:
 - Level 3.2 Fighting
 + Level 3.4 Dodging
 - Level 1.7 Stealth
 * Level 4.6 Unarmed Combat


You had 3 spell levels left.
You didn't know any spells.

Dungeon Overview and Level Annotations

Branches:
Dungeon (2/15)

Altars:


Innate Abilities, Weirdness & Mutations

Your plain brown scales are hard. (AC +5)
You cannot fit into any form of body armour.
You are cold-blooded and may be slowed by cold attacks.


Message History

The iguana closely misses you.
You hit the iguana. Your punch misses the iguana.
The iguana is moderately wounded.
The iguana misses you.
You hit the iguana but do no damage.
The iguana is moderately wounded.
The iguana bites you!
You hit the iguana.
The iguana is severely wounded.
The iguana closely misses you.
You hit the iguana but do no damage.
The iguana is severely wounded.
You hit the iguana.
The iguana is severely wounded.
The iguana bites you!
* * * LOW HITPOINT WARNING * * *
You hit the iguana.
The iguana is severely wounded.
The iguana bites you!
You die...

#.......#.##........<....#.
#.......#.##.........###.#.
#.......#.##...............
#.......#.########.#.###.#.
#......w#.########.#.# #.#.
#.......#.......##.#.# #.#.
#.......#######.##.#.# #...
#......w#######.##.#.# ####
#......rgl@.....##.#.# #
#.......##########.#.# #
#.......# #.#.# # #########
#.#.# # #...# #####


You could see a worm, an iguana, a goblin and a rat.

Vanquished Creatures
  4 adders (D:2)
  2 worms (D:2)
  2 dart slugs (D:1)
  3 leopard geckos (D:1)
  A ball python (D:1)
  5 giant cockroaches (D:1)
  5 goblins
  5 hobgoblins
  6 kobolds
  6 bats (D:1)
  4 frilled lizards
  2 rats (D:1)
45 creatures vanquished.

Notes
Turn   | Place    | Note
-------+----------+-------------------------------------------
     0 | D:1      | KristoblXynda the Draconian Monk began the quest for the Orb.
     0 | D:1      | Reached XP level 1. HP: 19/19 MP: 1/1
    87 | D:1      | Reached XP level 2. HP: 26/26 MP: 2/2
   401 | D:1      | Reached XP level 3. HP: 31/31 MP: 3/3
   644 | D:1      | Reached skill level 4 in Unarmed Combat
  1536 | D:2      | Reached XP level 4. HP: 30/38 MP: 4/4
  1827 | D:2      | Slain by an iguana

Vault maps used:
D:1:      erik_arrival_cave_to_civilisation
D:2:      lemuel_crystal_altar, trog_three_pillars_becter, uniq_natasha

Skill      XL: |  1  2  3 |
---------------+----------+-----
Dodging        | 3 |  3.4
Unarmed Combat | 4 |  4.6
Fighting       | |  3.2
Stealth        | |  1.7

Action                   |  1- 3 |  4- 6 || total
-------------------------+-------+-------++-------
Melee: Unarmed           |   121 |    43 ||   164
       Tailslap          |    20 |     9 ||    29
       Punch             |     1 |       ||     1
  Use: Potion            |       |     3 ||     3
 Stab: Sleeping          |     9 |       ||     9
  Eat: Ration            |     1 |       ||     1
Armor: Skin              |    29 |    10 ||    39
Dodge: Dodged            |    75 |    23 ||    98

Table legend:
 A = Spawn XP
 B = Non-spawn XP
 C = Spawn XP percentage of total XP
 D = Spawn monster count
 E = Non-spawn monster count
 F = Spawn count percentage of total count
 G = Total turns spent on level
                    A         B        C        D         E        F      G
               +---------+---------+-------+---------+---------+-------+---------
         Total |       0 |     133 |   0.0 |       0 |      45 |   0.0 |  1827
               +---------+---------+-------+---------+---------+-------+---------
           D:1 |       0 |      60 |   0.0 |       0 |      33 |   0.0 |  1079
           D:2 |       0 |      73 |   0.0 |       0 |      12 |   0.0 |   748
               +---------+---------+-------+---------+---------+-------+---------
